[Event "FIDE WAC U2000 2021"]
[Site "Rhodes"]
[Date "2021.10.17"]
[Round "1.1"]
[White "Mohamed Saeed Laily"]
[Black "De Joya, Florian"]
[Result "1-0"]
[ECO "D00"]
[WhiteElo "1996"]
[BlackElo "1832"]
[Annotator "ChessBase"]
[PlyCount "85"]
[EventDate "2021.10.17"]
[EventType "swiss"]
[EventCountry "GRE"]
[SourceTitle "playchess.com"]
[Source "ChessBase"]
[SourceQuality "1"]
[TimeControl "5400+30"]

1. d4 Nf6 2. Nc3 d5 3. Bf4 a6 4. e3 g6 5. h3 Bg7 6. Nf3 O-O 7. Be2 c5 8. dxc5 Qa5 9. O-O Rd8 10. Ne5 Qxc5 11. Qd4 Qxd4 12. exd4 e6 13. a4 Nfd7 14. Nf3 Nc6 15. Rfd1 b6 16. Na2 Bb7 17. c3 Rac8 18. b4 e5 19. Bh2 e4 20. Nd2 Ne7 21. Nb3 Nc6 22. Bf4 h6 23. g4 Re8 24. Rab1 g5 25. Bg3 Ra8 26. b5 axb5 27. Bxb5 Bf8 28. Nb4 Nxb4 29. cxb4 Bc8 30. a5 Bxb4 31. axb6 Re7 32. Bc6 Nxb6 33. Bxa8 Nxa8 34. Nc5 Bxc5 35. dxc5 Rb7 36. c6 Rb6 37. Rxb6 Nxb6 38. Rb1 Nc4 39. Rb8 Nd2 40. Rxc8+ Kh7 41. Rd8 d4 42. c7 Nf3+ 43. Kf1 1-0

[Event "FIDE WAC U2000 2021"]
[Site "Rhodes"]
[Date "2021.10.17"]
[Round "1.4"]
[White "Kovalskyi, Roman"]
[Black "Silva Hernandez, Jesus Arturo"]
[Result "1-0"]
[ECO "B20"]
[WhiteElo "1815"]
[BlackElo "1975"]
[Annotator "ChessBase"]
[PlyCount "90"]
[EventDate "2021.10.17"]
[EventType "swiss"]
[EventCountry "GRE"]
[SourceTitle "playchess.com"]
[Source "ChessBase"]
[SourceQuality "1"]
[TimeControl "5400+30"]

1. e4 c5 2. b3 Nc6 3. Bb2 Nf6 4. Nc3 g6 5. Bc4 Bg7 6. d3 O-O 7. Nge2 e6 8. d4 d5 9. exd5 exd5 10. Bd3 cxd4 11. Nb5 Ne4 12. Nbxd4 Qa5+ 13. Kf1 Qc5 14. Bb5 Nxd4 15. Nxd4 Bxd4 16. Qxd4 Qxd4 17. Bxd4 Be6 18. Bd3 Nd6 19. c3 Rfc8 20. f3 a5 21. a4 Bf5 22. Be2 Bc2 23. Ra3 Nf5 24. Be5 Re8 25. Bf4 Rac8 26. Bb5 Re6 27. Bd2 Ne3+ 28. Kf2 Nd1+ 29. Kg3 Nxc3 30. Bd7 Re2 31. Bxc8 Rxd2 32. Bxb7 Ne2+ 33. Kf2 Nd4+ 34. Ke3 Rd3+ 35. Kf4 Nxb3 36. Ra2 Rd4+ 37. Ke5 Bf5 38. Bxd5 Rb4 39. Rb2 Nc5 40. Rxb4 axb4 41. a5 b3 42. Kd6 b2 43. Kxc5 b1=Q 44. Rxb1 Bxb1 45. a6 Be4 1-0

[Event "FIDE WAC U2000 2021"]
[Site "Rhodes"]
[Date "2021.10.17"]
[Round "1.5"]
[White "Mandukhai, Myagmarsuren"]
[Black "Castillo Pena, Patricia Evarista"]
[Result "1-0"]
[ECO "D45"]
[WhiteElo "1966"]
[BlackElo "1794"]
[Annotator "ChessBase"]
[PlyCount "145"]
[EventDate "2021.10.17"]
[EventType "swiss"]
[EventCountry "GRE"]
[SourceTitle "playchess.com"]
[Source "ChessBase"]
[SourceQuality "1"]
[TimeControl "5400+30"]

1. d4 d5 2. c4 c6 3. Nc3 Nf6 4. e3 e6 5. Nf3 Nbd7 6. Qc2 Bd6 7. b3 O-O 8. Be2 b6 9. O-O Bb7 10. Bb2 Qe7 11. Rad1 Rad8 12. Rfe1 Rfe8 13. g3 a6 14. Bf1 c5 15. cxd5 exd5 16. Bg2 Nf8 17. Nh4 g6 18. dxc5 bxc5 19. Nf3 Ne6 20. Ba1 Qd7 21. Ne2 Ne4 22. Qb2 f6 23. Nc3 Nxc3 24. Qxc3 d4 25. exd4 Bxf3 26. Qxf3 Nxd4 27. Bxd4 Rxe1+ 28. Rxe1 cxd4 29. Qxf6 Bf8 30. Bh3 Bg7 31. Be6+ Kh8 32. Qf4 Qd6 33. Qxd6 Rxd6 34. Bc4 h5 35. Re6 Rxe6 36. Bxe6 Kh7 37. Kf1 a5 38. Ke2 Kh6 39. Kd3 Kg5 40. Kc4 Kf6 41. Bd5 Kf5 42. f3 g5 43. Be4+ Ke5 44. Bg6 h4 45. Kb5 Kd5 46. Kxa5 Be5 47. gxh4 gxh4 48. h3 Kc5 49. Bd3 Bc7+ 50. Ka4 Bd6 51. b4+ Kd5 52. Kb3 Ke5 53. a4 Kf4 54. Kc4 Kg3 55. Bf5 Kf4 56. Bh7 Kg3 57. b5 Kxh3 58. Bf5+ Kg3 59. b6 Kf4 60. Bd7 Ke3 61. a5 d3 62. a6 d2 63. Ba4 h3 64. a7 h2 65. a8=Q h1=Q 66. Qe4+ Kf2 67. Qd4+ Ke2 68. Qd3+ Kf2 69. Qxd2+ Kg3 70. Qxd6+ Kf2 71. Qd4+ Kg3 72. b7 Qc1+ 73. Kd5 1-0

[Event "FIDE WAC U2000 2021"]
[Site "Rhodes"]
[Date "2021.10.19"]
[Round "3.3"]
[White "Dogu, Hasim"]
[Black "Degrande, Marigje"]
[Result "*"]
[ECO "A12"]
[WhiteElo "1852"]
[BlackElo "1889"]
[Annotator "NA RC"]
[PlyCount "40"]
[EventDate "2021.10.17"]
[EventType "swiss"]
[EventCountry "GRE"]
[SourceTitle "playchess.com"]
[Source "ChessBase"]
[SourceQuality "1"]
[TimeControl "5400+30"]

1. b3 Nf6 2. Bb2 g6 3. e3 d5 4. c4 c6 5. Nf3 Bg7 6. Be2 O-O 7. h3 Re8 8. O-O Nbd7 9. cxd5 cxd5 10. d4 Ne4 11. Nc3 Ndf6 12. Rc1 a6 13. Qc2 Bf5 14. Nxe4 dxe4 15. Ne5 Rc8 16. Qd2 Nd5 17. Bc4 b5 18. Bxd5 Qxd5 19. Rxc8 Rxc8 20. Qb4 Bf8 *

[Event "FIDE WAC U2000 2021"]
[Site "Rhodes"]
[Date "2021.10.19"]
[Round "3.4"]
[White "Tarnowska, Aleksandra"]
[Black "Sielicki, Tomasz"]
[Result "1/2-1/2"]
[ECO "C63"]
[WhiteElo "1841"]
[BlackElo "1875"]
[Annotator "NA RC"]
[PlyCount "114"]
[EventDate "2021.10.17"]
[EventType "swiss"]
[EventCountry "GRE"]
[SourceTitle "playchess.com"]
[Source "ChessBase"]
[SourceQuality "1"]
[TimeControl "5400+30"]

1. e4 e5 2. Nf3 Nc6 3. Bb5 f5 4. d4 fxe4 5. Nxe5 Nxe5 6. dxe5 c6 7. Nc3 cxb5 8. Nxe4 d5 9. exd6 Nf6 10. Bg5 Qa5+ 11. Nc3 b4 12. Bxf6 gxf6 13. Nd5 b3+ 14. c3 Be6 15. Nc7+ Kd7 16. O-O Bxd6 17. Nxe6 Qe5 18. g3 Qxe6 19. Re1 Qf5 20. Qxb3 Kc7 21. Qf7+ Kc6 22. b4 Rad8 23. a4 Qd5 24. b5+ Kc5 25. Qxf6 Rhf8 26. Qh4 Kb6 27. a5+ Kc7 28. b6+ Kb8 29. bxa7+ Ka8 30. a6 Bc5 31. axb7+ Qxb7 32. Ra2 Qf3 33. Qe4+ Qxe4 34. Rxe4 Rd3 35. Rc4 Rf5 36. Rb2 Rdf3 37. Kg2 Rxf2+ 38. Rxf2 Rxf2+ 39. Kh3 Bxa7 40. Rf4 Kb7 41. Rxf2 Bxf2 42. Kh4 Kc6 43. Kh5 Be3 44. g4 Kd5 45. g5 Ke6 46. Kh6 Kf7 47. h4 Kg8 48. c4 Bc5 49. Kh5 Kg7 50. Kg4 h6 51. Kh5 hxg5 52. hxg5 Be3 53. g6 Bc5 54. Kg5 Be3+ 55. Kf5 Bc5 56. Kg5 Be3+ 57. Kf5 Bc5 1/2-1/2

[Event "FIDE WAC U2000 2021"]
[Site "Rhodes"]
[Date "2021.10.19"]
[Round "3.5"]
[White "Rudecki, Bartosz"]
[Black "Tenuunbold, Battulga"]
[Result "1/2-1/2"]
[ECO "B20"]
[WhiteElo "1859"]
[BlackElo "1753"]
[Annotator "NA RC"]
[PlyCount "56"]
[EventDate "2021.10.17"]
[EventType "swiss"]
[EventCountry "GRE"]
[SourceTitle "playchess.com"]
[Source "ChessBase"]
[SourceQuality "1"]
[TimeControl "5400+30"]

1. e4 c5 2. b3 Nf6 3. e5 Nd5 4. Bb2 Nc6 5. Bc4 e6 6. Nf3 Be7 7. O-O O-O 8. Re1 f6 9. d4 cxd4 10. Bxd5 exd5 11. Nxd4 fxe5 12. Nf3 d6 13. Qxd5+ Kh8 14. c4 Bg4 15. Nbd2 Nb4 16. Qxb7 Nc2 17. Rac1 Nxe1 18. Nxe1 Bg5 19. Rc2 Bd1 20. Rc1 Bxd2 21. Rxd1 Bxe1 22. Rxe1 Qa5 23. Re2 Qxa2 24. f3 Rab8 25. Qe7 Rfe8 26. Qxd6 Rxb3 27. Qd7 Rg8 28. Bxe5 Qxe2 1/2-1/2

[Event "FIDE WAC U2000 2021"]
[Site "Rhodes"]
[Date "2021.10.20"]
[Round "4.1"]
[White "Degrande, Marigje"]
[Black "Peter Anand, A."]
[Result "1/2-1/2"]
[ECO "D26"]
[WhiteElo "1889"]
[BlackElo "1787"]
[Annotator "NA"]
[PlyCount "77"]
[EventDate "2021.10.17"]
[EventType "swiss"]
[EventCountry "GRE"]
[SourceTitle "playchess.com"]
[Source "ChessBase"]
[SourceQuality "1"]
[TimeControl "5400+30"]

1. c4 c6 2. e4 d5 3. cxd5 cxd5 4. exd5 Qxd5 5. Nc3 Qd8 6. Nf3 Nf6 7. Bc4 e6 8. O-O Be7 9. d4 O-O 10. Qe2 Nc6 11. Rd1 Na5 12. Bd3 b6 13. Bf4 Bb7 14. Rac1 Nd5 15. Bg3 Bg5 16. Nxg5 Qxg5 17. Ne4 Qh6 18. Nd6 Nf4 $2 (18... Rad8 $14) 19. Bxf4 (19. Qd2 $18 Nd5 20. Qxh6 gxh6 21. Be4) 19... Qxf4 {[%emt 0:01:01] [#]} 20. Nxb7 (20. Qe5 $142 $1 Qxe5 21. dxe5) 20... Nxb7 21. Qe4 (21. g3 $16 Qh6 22. Qe5) 21... Qxe4 22. Bxe4 Rab8 23. d5 Nc5 $11 24. Bf3 exd5 25. Rxd5 Rfd8 26. Rcd1 Rxd5 27. Rxd5 a5 28. Kf1 Kf8 29. a3 Ke7 30. Ke1 Rd8 31. Rxd8 Kxd8 32. Kd2 Kd7 33. Kc3 Kd6 34. b4 axb4+ 35. axb4 Ne6 36. Kc4 Nc7 37. Bb7 Ke5 38. Bc6 Kd6 39. Bb7 1/2-1/2

[Event "FIDE WAC U2000 2021"]
[Site "Rhodes"]
[Date "2021.10.20"]
[Round "4.2"]
[White "Tenuunbold, Battulga"]
[Black "Mohamed Saeed Laily"]
[Result "1/2-1/2"]
[ECO "D36"]
[WhiteElo "1753"]
[BlackElo "1996"]
[Annotator "ChessBase"]
[PlyCount "75"]
[EventDate "2021.10.17"]
[EventType "swiss"]
[EventCountry "GRE"]
[SourceTitle "playchess.com"]
[Source "ChessBase"]
[SourceQuality "1"]
[TimeControl "5400+30"]

1. d4 d5 2. c4 e6 3. Nc3 Nf6 4. cxd5 exd5 5. Bg5 Be7 6. Qc2 c6 7. e3 Nbd7 8. Bd3 O-O 9. Nf3 Re8 10. O-O Nf8 11. h3 Bd6 12. Rab1 a5 13. a3 Ng6 14. b4 h6 15. Bxf6 Qxf6 16. Bxg6 fxg6 17. e4 Qf4 18. e5 Bf5 19. Qb2 Bxb1 20. Qxb1 axb4 21. Ne2 Qe4 22. exd6 Qxb1 23. Rxb1 Rxe2 24. Rxb4 Re6 25. d7 b5 26. a4 bxa4 27. Rxa4 Rd8 28. Ra7 Kf7 29. Rc7 g5 30. g3 Ke7 31. Ne5 Rxe5 32. dxe5 Ke6 33. f4 gxf4 34. gxf4 c5 35. Rc6+ Kxd7 36. Rxc5 Ke6 37. Kf2 Rc8 38. Ke1 1/2-1/2

[Event "FIDE WAC U2000 2021"]
[Site "Rhodes"]
[Date "2021.10.20"]
[Round "4.3"]
[White "Sielicki, Tomasz"]
[Black "Zielinski, Olgierd"]
[Result "1/2-1/2"]
[ECO "D00"]
[WhiteElo "1875"]
[BlackElo "1785"]
[Annotator "NA"]
[PlyCount "52"]
[EventDate "2021.10.17"]
[EventType "swiss"]
[EventCountry "GRE"]
[SourceTitle "playchess.com"]
[Source "ChessBase"]
[SourceQuality "1"]
[TimeControl "5400+30"]

1. d4 Nf6 2. Bf4 d5 3. e3 c5 4. c3 Nc6 5. Nd2 Bf5 6. Ngf3 cxd4 7. exd4 Ne4 8. Nh4 Nxd2 9. Qxd2 Bd7 10. Bd3 e5 11. Bg5 f6 12. Be3 e4 13. Be2 Bd6 14. g4 g6 15. O-O-O Qa5 16. Kb1 O-O-O 17. f3 f5 $14 18. gxf5 gxf5 19. Ng2 Rhg8 20. Rdg1 Qc7 21. Nf4 Ne7 22. c4 Rxg1+ 23. Rxg1 dxc4 24. fxe4 c3 25. Qxc3 Qxc3 26. bxc3 fxe4 1/2-1/2

[Event "FIDE WAC U2000 2021"]
[Site "Rhodes"]
[Date "2021.10.20"]
[Round "4.4"]
[White "Stathatos, Alexandros"]
[Black "Rudecki, Bartosz"]
[Result "1/2-1/2"]
[ECO "C63"]
[WhiteElo "1651"]
[BlackElo "1859"]
[Annotator "NA"]
[PlyCount "43"]
[EventDate "2021.10.17"]
[EventType "swiss"]
[EventCountry "GRE"]
[SourceTitle "playchess.com"]
[Source "ChessBase"]
[SourceQuality "1"]
[TimeControl "5400+30"]

1. e4 e5 2. Nf3 Nc6 3. Bb5 f5 4. d3 fxe4 5. dxe4 Nf6 6. O-O Bc5 7. Bxc6 bxc6 8. Nxe5 O-O 9. Nd3 Nxe4 10. Nxc5 Nxc5 11. Be3 Ne6 12. Nd2 d5 13. Nb3 Qd6 14. Qd2 c5 15. f3 d4 16. Bf2 Ba6 17. Rfe1 $11 Rad8 18. Rad1 Rfe8 19. Nc1 Qb6 20. c3 dxc3 21. Qxc3 Rxd1 22. Rxd1 1/2-1/2

[Event "FIDE WAC U2000 2021"]
[Site "Rhodes"]
[Date "2021.10.20"]
[Round "4.5"]
[White "Celik, Berkay"]
[Black "Tarnowska, Aleksandra"]
[Result "1-0"]
[ECO "B41"]
[WhiteElo "1846"]
[BlackElo "1841"]
[Annotator "NA"]
[PlyCount "109"]
[EventDate "2021.10.17"]
[EventType "swiss"]
[EventCountry "GRE"]
[SourceTitle "playchess.com"]
[Source "ChessBase"]
[SourceQuality "1"]
[TimeControl "5400+30"]

1. e4 c5 2. Nf3 e6 3. d4 cxd4 4. Nxd4 a6 5. c4 Nf6 6. Nc3 Bb4 7. Qd3 Qc7 8. a3 Bxc3+ 9. Qxc3 O-O 10. Bd3 d5 11. exd5 exd5 12. O-O dxc4 13. Qxc4 Qxc4 14. Bxc4 Bd7 15. Bg5 Nc6 16. Rad1 Ne4 17. Bf4 Nxd4 18. Rxd4 Bc6 19. Rfd1 Rfe8 20. Bc7 Rac8 21. Ba5 h6 22. f3 Ng5 23. Rg4 Nxf3+ 24. gxf3 Bxf3 25. Rdd4 Bxg4 26. Rxg4 Re5 27. Bd2 b5 28. Bb3 Re2 29. Bc3 g5 30. h4 Rc5 31. Kf1 Rh2 32. Rd4 Rxh4 33. Rd8+ Kh7 34. Bc2+ f5 35. Rd6 Rf4+ 36. Kg1 Rg4+ 37. Kf1 Rf4+ 38. Kg1 Rg4+ 39. Kf1 Rf4+ 40. Ke2 Rh4 41. Bb3 Rh2+ 42. Kf3 Rh3+ 43. Ke2 Rh2+ 44. Kd3 Rh3+ 45. Kd4 Rc7 46. Bc2 Rf3 47. Ke5 Rfxc3 48. Bxf5+ Kg7 49. bxc3 Rc5+ 50. Ke6 Rxc3 51. Rd7+ Kf8 52. Kf6 Ke8 53. Rd6 Rf3 54. Rxa6 Kd8 55. Rc6 1-0

[Event "FIDE WAC U2000 2021"]
[Site "Rhodes"]
[Date "2021.10.21"]
[Round "5.1"]
[White "Peter Anand, A."]
[Black "Celik, Berkay"]
[Result "1-0"]
[ECO "A48"]
[WhiteElo "1787"]
[BlackElo "1846"]
[Annotator "NA"]
[PlyCount "133"]
[EventDate "2021.10.17"]
[EventType "swiss"]
[EventCountry "GRE"]
[SourceTitle "playchess.com"]
[Source "ChessBase"]
[SourceQuality "1"]
[TimeControl "5400+30"]

1. d4 Nf6 2. Nf3 g6 3. c3 Bg7 4. Bg5 O-O 5. e3 d6 6. Bc4 Nc6 7. O-O h6 8. Bxf6 Bxf6 9. Nbd2 e5 10. Qc2 Kh8 11. Rfd1 Qe8 12. dxe5 dxe5 13. Nf1 Bg7 14. e4 f5 15. Ne3 Ne7 16. Rd2 b5 17. Bb3 Bb7 $11 18. Nd5 Nxd5 (18... fxe4 $11 {remains equal.} 19. Qxe4 a5) 19. Bxd5 c6 20. Bb3 f4 21. Rad1 Bc8 22. Rd6 g5 23. h3 Bf6 24. c4 Be7 25. R6d3 g4 26. Nxe5 gxh3 27. Nd7 Bxd7 28. Rxd7 hxg2 29. Qc3+ Rf6 30. Qh3 Bc5 31. cxb5 Qxe4 32. Qc3 Qf5 33. Bc2 Qg5 34. Qd3 Bxf2+ 35. Kxf2 Qh4+ 36. Ke2 Re8+ 37. Kd2 Qf2+ 38. Kc1 Qe3+ 39. Kb1 Qxd3 40. R7xd3 f3 41. bxc6 f2 42. c7 Rc6 43. Rd8 Rxc7 44. Rxe8+ Kg7 45. Ree1 Rf7 46. Rf1 h5 47. Be4 gxf1=Q 48. Rxf1 Kh6 49. Kc2 Kg5 50. Kd2 Kg4 51. Ke2 Kg3 52. Rc1 Re7 53. Rc3+ Kf4 54. Rf3+ Kg4 55. Ke3 h4 56. Rxf2 h3 57. Rf8 h2 58. Rh8 Kg3 59. b4 Re5 60. a4 Re7 61. b5 Rc7 62. a5 Rc3+ 63. Kd4 Rb3 64. Kc5 Re3 65. Bd5 Rc3+ 66. Kd4 Ra3 67. b6 1-0

[Event "FIDE WAC U2000 2021"]
[Site "Rhodes"]
[Date "2021.10.21"]
[Round "5.2"]
[White "Mohamed Saeed Laily"]
[Black "Degrande, Marigje"]
[Result "0-1"]
[ECO "B13"]
[WhiteElo "1996"]
[BlackElo "1889"]
[Annotator "ChessBase"]
[PlyCount "77"]
[EventDate "2021.10.17"]
[EventType "swiss"]
[EventCountry "GRE"]
[SourceTitle "playchess.com"]
[Source "ChessBase"]
[SourceQuality "1"]
[TimeControl "5400+30"]

1. d4 Nf6 2. Nc3 d5 3. Bf4 c5 4. e3 cxd4 5. exd4 a6 6. Nf3 Nc6 7. h3 Bf5 8. Bd3 Bxd3 9. Qxd3 e6 10. O-O Be7 11. Ne2 O-O 12. c3 b5 13. b4 Qb6 14. a4 bxa4 15. Rxa4 Qb5 16. Qc2 Rfc8 17. Qa2 Ra7 18. Ra1 Rca8 19. Ne5 Ne4 20. f3 Nd6 21. Nxc6 Qxc6 22. Bxd6 Bxd6 23. Ra5 Bb8 24. Qa4 Qxa4 25. R5xa4 Kf8 26. Nc1 Ke7 27. Nd3 Kd6 28. Nc5 Kc6 29. Nxa6 Bd6 30. b5+ Kb6 31. Rb1 Rc8 32. Rb3 f6 33. Kf2 e5 34. Ke3 Re8 35. c4 exd4+ 36. Kxd4 Be5+ 37. Kd3 dxc4+ 38. Kc2 Bg3 39. Kb2 0-1

[Event "FIDE WAC U2000 2021"]
[Site "Rhodes"]
[Date "2021.10.21"]
[Round "5.3"]
[White "Mandukhai, Myagmarsuren"]
[Black "Dogu, Hasim"]
[Result "0-1"]
[ECO "A84"]
[WhiteElo "1966"]
[BlackElo "1852"]
[Annotator "NA"]
[PlyCount "84"]
[EventDate "2021.10.17"]
[EventType "swiss"]
[EventCountry "GRE"]
[SourceTitle "playchess.com"]
[Source "ChessBase"]
[SourceQuality "1"]
[TimeControl "5400+30"]

1. d4 e6 2. c4 b6 3. a3 Bb7 4. Nc3 f5 5. d5 Nf6 6. g3 Be7 7. Bg2 O-O 8. Nf3 a5 9. O-O Qc8 10. Nd4 Na6 11. dxe6 Bxg2 12. Nxf5 Qb7 13. Nxe7+ Kh8 $16 14. Re1 dxe6 15. f3 Rad8 16. Qa4 Bh3 17. Nc6 Rd6 18. Ne5 Nc5 19. Qc2 Bf5 20. e4 Bh3 21. Be3 Nfd7 22. Nxd7 Nxd7 23. Nb5 Ne5 24. Nxd6 Nxf3+ 25. Kh1 Nxe1 26. Rxe1 cxd6 27. Kg1 Qc6 28. Rd1 d5 29. c5 Qb5 30. Bf2 Qc6 31. exd5 exd5 32. Qd2 d4 33. Bxd4 bxc5 34. Be5 Qf3 35. Bf4 h6 36. b4 cxb4 37. axb4 axb4 38. Rb1 b3 39. Qb2 Kh7 40. Re1 Re8 41. Ra1 Re2 42. Qb1+ Rc2 0-1

[Event "FIDE WAC U2000 2021"]
[Site "Rhodes"]
[Date "2021.10.21"]
[Round "5.4"]
[White "Baisynov, Islam"]
[Black "Tenuunbold, Battulga"]
[Result "0-1"]
[ECO "B33"]
[WhiteElo "1955"]
[BlackElo "1753"]
[Annotator "ChessBase"]
[PlyCount "120"]
[EventDate "2021.10.17"]
[EventType "swiss"]
[EventCountry "GRE"]
[SourceTitle "playchess.com"]
[Source "ChessBase"]
[SourceQuality "1"]
[TimeControl "5400+30"]

1. e4 c5 2. Nf3 Nc6 3. d4 cxd4 4. Nxd4 Nf6 5. Nc3 e5 6. Ndb5 d6 7. Bg5 a6 8. Bxf6 gxf6 9. Na3 b5 10. Nd5 f5 11. Bd3 Be6 12. Ne3 f4 13. Nd5 Bg7 14. c3 O-O 15. Qh5 h6 16. g3 Qg5 17. Qxg5 hxg5 18. Nc7 Ra7 19. Nxe6 fxe6 20. Nc2 Rb8 21. Rd1 Kf7 22. b3 Rc7 23. c4 Ke7 24. Ke2 b4 25. h4 g4 26. f3 gxf3+ 27. Kxf3 fxg3 28. Kxg3 Bh6 29. Be2 Rg8+ 30. Kh3 Rcc8 31. Bg4 Rcf8 32. Rhf1 Bf4 33. Rf3 Rf7 34. Rf2 Rfg7 35. Rg2 a5 36. Rf1 Bh6 37. Ne1 Nb8 38. Nd3 Nd7 39. Bf3 Nf8 40. c5 dxc5 41. Rxg7+ Rxg7 42. Nxe5 Bf4 43. Nc6+ Kd7 44. Bg4 Ng6 45. Bh5 Bc7 46. Bxg6 Rxg6 47. h5 Rh6 48. Na7 Rxh5+ 49. Kg4 Rh2 50. Rf7+ Kd8 51. Nc6+ Kc8 52. Re7 Rxa2 53. Rxe6 a4 54. Rh6 axb3 55. Rh1 Kd7 56. Nxb4 cxb4 57. Rb1 b2 58. Kf5 Ra5+ 59. e5 Bxe5 60. Ke4 Ra1 0-1

[Event "FIDE WAC U2000 2021"]
[Site "Rhodes"]
[Date "2021.10.21"]
[Round "5.5"]
[White "Sultanbek, Zeinep"]
[Black "Stathatos, Alexandros"]
[Result "1-0"]
[ECO "E11"]
[WhiteElo "1883"]
[BlackElo "1651"]
[Annotator "NA"]
[PlyCount "97"]
[EventDate "2021.10.17"]
[EventType "swiss"]
[EventCountry "GRE"]
[SourceTitle "playchess.com"]
[Source "ChessBase"]
[SourceQuality "1"]
[TimeControl "5400+30"]

1. d4 Nf6 2. c4 e6 3. g3 Bb4+ 4. Bd2 Qe7 5. Bg2 Bxd2+ 6. Qxd2 d6 7. Nc3 e5 8. Nf3 O-O 9. O-O a5 10. h3 Na6 11. e4 c6 12. Rad1 Bd7 (12... Re8 $14) 13. c5 exd4 (13... d5 $16 {keeps fighting.}) 14. cxd6 ({And not} 14. Qxd4 dxc5 15. Qd6 Qxd6 $11) 14... dxc3 15. dxe7 cxd2 16. exf8=Q+ Kxf8 17. Rxd2 Be6 18. e5 Ne4 19. Rd4 Nec5 20. a3 h6 21. Nd2 a4 (21... Nc7 $142 22. Nb1 Nb5) 22. f4 Nc7 23. f5 Bd5 24. Bxd5 Nxd5 25. Rc1 b6 26. g4 Re8 27. Re1 g5 28. Nc4 $18 f6 29. e6 Ke7 30. Rxd5 cxd5 31. Nxb6 Rd8 32. Rc1 Nd3 33. Rc7+ Kd6 34. Rc8 Rxc8 35. Nxc8+ Kc7 36. Nb6 Kd6 37. Nxd5 Nxb2 38. Nxf6 Nc4 39. Ne4+ Ke7 40. Nc3 Nxa3 41. Nxa4 Nc4 42. Nc3 Ne5 43. Kf2 Kd6 44. Ke3 Nc4+ 45. Kd4 Nb6 46. Ne4+ Ke7 47. Kc5 Na4+ 48. Kc6 Nb2 49. Kd5 1-0

[Event "FIDE WAC U2000 2021"]
[Site "Rhodes"]
[Date "2021.10.22"]
[Round "6.1"]
[White "Degrande, Marigje"]
[Black "Sultanbek, Zeinep"]
[Result "1/2-1/2"]
[ECO "C00"]
[WhiteElo "1889"]
[BlackElo "1883"]
[Annotator "NA"]
[PlyCount "40"]
[EventDate "2021.10.17"]
[EventType "swiss"]
[EventCountry "GRE"]
[SourceTitle "playchess.com"]
[Source "ChessBase"]
[SourceQuality "1"]
[TimeControl "5400+30"]

1. c4 e6 2. e4 d5 3. cxd5 exd5 4. exd5 Nf6 5. Bb5+ Nbd7 6. Nc3 Be7 7. Nf3 O-O 8. O-O Nb6 9. h3 Nbxd5 10. d4 Bf5 11. Re1 h6 12. a3 c6 13. Bc4 Be6 14. Bd3 Qc7 15. Ne5 Rad8 16. Qf3 Rfe8 $11 17. Nxd5 Bxd5 18. Qg3 Nh5 19. Qg4 Nf6 20. Qg3 Nh5 1/2-1/2

[Event "FIDE WAC U2000 2021"]
[Site "Rhodes"]
[Date "2021.10.22"]
[Round "6.2"]
[White "Dogu, Hasim"]
[Black "Peter Anand, A."]
[Result "0-1"]
[ECO "D52"]
[WhiteElo "1852"]
[BlackElo "1787"]
[Annotator "NA"]
[PlyCount "102"]
[EventDate "2021.10.17"]
[EventType "swiss"]
[EventCountry "GRE"]
[SourceTitle "playchess.com"]
[Source "ChessBase"]
[SourceQuality "1"]
[TimeControl "5400+30"]

1. d4 d5 2. c4 c6 3. Nc3 Nf6 4. Bg5 e6 5. e3 Nbd7 6. Nf3 Qa5 7. Bxf6 Nxf6 8. Bd3 Ne4 9. Bxe4 dxe4 10. Nd2 Qg5 11. g3 f5 12. h4 Qf6 13. Qb3 h5 (13... Bd6 $14) 14. O-O-O Bd6 15. c5 Bc7 16. Rhg1 b6 17. f3 exf3 18. Nxf3 O-O 19. Ng5 $11 ({White should try} 19. Qa3 $14) 19... bxc5 20. dxc5 Be5 21. Rd3 Qe7 22. Na4 Bf6 23. Nf3 Qc7 24. Rd6 Be7 25. Rgd1 Bf6 26. Nd4 Bxd4 27. R1xd4 Re8 28. Qd1 e5 29. Qxh5 Be6 30. Rd2 Qa5 31. b3 Rad8 32. Qd1 Bd5 33. Rxd8 Rxd8 34. Qc2 Be4 35. Qc3 Qc7 36. Nb2 Rd5 37. Rxd5 cxd5 38. b4 f4 39. exf4 exf4 40. gxf4 Qxf4+ 41. Qd2 Qxh4 42. Nd1 Bf3 43. Ne3 Qf6 44. Kc2 d4 45. Nc4 Bd5 46. Nd6 Bxa2 47. Kb2 Bd5 48. Qe1 d3+ 49. Ka3 d2 50. Qe8+ Qf8 51. Qe2 Qf3+ 0-1

[Event "FIDE WAC U2000 2021"]
[Site "Rhodes"]
[Date "2021.10.22"]
[Round "6.3"]
[White "Hamad Bader"]
[Black "Tenuunbold, Battulga"]
[Result "1-0"]
[ECO "B23"]
[WhiteElo "1756"]
[BlackElo "1753"]
[Annotator "NA"]
[PlyCount "77"]
[EventDate "2021.10.17"]
[EventType "swiss"]
[EventCountry "GRE"]
[SourceTitle "playchess.com"]
[Source "ChessBase"]
[SourceQuality "1"]
[TimeControl "5400+30"]

1. e4 c5 2. Nc3 Nc6 3. f4 g6 4. Nf3 Bg7 5. Bb5 Nd4 6. O-O Nxb5 7. Nxb5 d5 8. exd5 a6 9. Nc3 Nf6 10. d4 Nxd5 11. dxc5 Nxc3 12. Qxd8+ Kxd8 13. bxc3 Bxc3 14. Rb1 Kc7 15. Rb3 Bf6 16. Bd2 Be6 17. Ba5+ Kc8 18. Rb6 Bd5 19. Rd1 Be4 20. c3 Kb8 21. Ne5 Bxe5 22. fxe5 Rc8 23. Rb4 Bf5 24. Bb6 a5 25. Rbd4 a4 26. a3 Rc6 27. Rd8+ Bc8 28. Re8 Ra6 29. Rdd8 h5 30. Rxe7 Raxb6 31. cxb6 Rxb6 32. Rxf7 Rc6 33. Rff8 b5 34. e6 Rxe6 35. Rxc8+ Kb7 36. Rb8+ Ka6 37. Kf2 Rd6 38. Ke3 Rd2 39. Rf6+ 1-0

[Event "FIDE WAC U2000 2021"]
[Site "Rhodes"]
[Date "2021.10.22"]
[Round "6.4"]
[White "Sielicki, Tomasz"]
[Black "Ehab, Mohamed"]
[Result "1/2-1/2"]
[ECO "D10"]
[WhiteElo "1875"]
[BlackElo "1948"]
[Annotator "NA"]
[PlyCount "56"]
[EventDate "2021.10.17"]
[EventType "swiss"]
[EventCountry "GRE"]
[SourceTitle "playchess.com"]
[Source "ChessBase"]
[SourceQuality "1"]
[TimeControl "5400+30"]

1. d4 d5 2. c4 c6 3. cxd5 cxd5 4. Nc3 Nc6 5. e4 Nf6 6. e5 Ne4 7. Bd3 Bf5 8. Nge2 Nxc3 9. Nxc3 Bxd3 10. Qxd3 e6 11. O-O Be7 12. Kh1 O-O 13. f4 f6 14. exf6 Bxf6 15. Be3 Qd6 16. f5 Rae8 17. fxe6 Rxe6 18. Rf5 Rfe8 19. Nxd5 Nb4 20. Nxf6+ gxf6 21. Qc4 Qc6 22. Rc5 Qe4 23. Rc8 Rxc8 24. Qxc8+ Kg7 $16 (24... Re8 $14 25. Qc4+ Nd5) 25. Re1 Kf7 26. Qc7+ Ke8 27. Qc8+ Kf7 28. Qc7+ Re7 1/2-1/2

[Event "FIDE WAC U2000 2021"]
[Site "Rhodes"]
[Date "2021.10.22"]
[Round "6.5"]
[White "Celik, Berkay"]
[Black "Kovalskyi, Roman"]
[Result "1-0"]
[ECO "B23"]
[WhiteElo "1846"]
[BlackElo "1815"]
[Annotator "NA"]
[PlyCount "79"]
[EventDate "2021.10.17"]
[EventType "swiss"]
[EventCountry "GRE"]
[SourceTitle "playchess.com"]
[Source "ChessBase"]
[SourceQuality "1"]
[TimeControl "5400+30"]

1. e4 c5 2. Nc3 g6 3. Bc4 Bg7 4. Qf3 e6 5. Nb5 d6 6. Qg3 Be5 7. f4 Bf6 8. Nxd6+ Qxd6 9. e5 Qd4 10. Bb5+ Bd7 11. Ne2 Qb4 12. Bxd7+ Nxd7 13. exf6 Ngxf6 14. b3 O-O-O 15. a3 Qb6 16. Bb2 Rhe8 17. d3 Nd5 18. O-O f5 19. Rfb1 g5 ({Black should try} 19... Qd6 $11) 20. fxg5 ({Not} 20. Qxg5 Rg8 $17) 20... e5 21. Qf3 e4 22. dxe4 $16 ({Not} 22. Qxf5 exd3 23. Qxd5 (23. cxd3 $2 Rxe2 24. Qxd5 Ne5 $19 {[%mdl 64] Discovered Attack}) 23... dxc2 $15) 22... fxe4 23. Qg3 Qa6 (23... e3 $16 {was necessary.} 24. Rd1 Qe6) 24. c4 Nc7 25. Rf1 Rg8 26. Nf4 Rde8 27. Qg4 e3 28. Rad1 Qc6 29. Rd3 Re4 30. Qg3 Rge8 31. Re1 Ne6 32. Nd5 e2 33. Nc3 Re5 34. Rxe2 Rxg5 35. Qxg5 Nxg5 36. Rxe8+ Kc7 37. Nd5+ Kd6 38. Nb4+ Kc7 39. Nxc6 Nf3+ 40. gxf3 1-0